 Dungeon Crawl Stone Soup version 0.31-a0-1178-gc5c9b8f871 (webtiles) character file.

Game seed: 14551923761933642281

133 MackTheKnife the Insei (level 5, 0/41 HPs)
             Began as a Merfolk Shapeshifter on Dec 11, 2023.
             Slain by an orc
             ... wielding a +0 whip
              (3 damage)
             ... on level 3 of the Dungeon.
             The game lasted 00:01:46 (1681 turns).

MackTheKnife the Insei (Merfolk Shapeshifter)       Turns: 1681, Time: 00:01:47

Health: 0/41       AC:  2    Str: 15    XL:     5   Next: 16%
Magic:  5/5        EV: 14    Int:  9    God:
Gold:   110        SH:  0    Dex: 15    Spells: 4/4 levels left

rFire   . .          .
                       - Unarmed
rCold   . . .        (no shield)
rNeg    . . .        a - +0 animal skin
rPois   .            (helmet currently unavailable)
rElec   .            (cloak currently unavailable)
rCorr   .            (gloves currently unavailable)
SInv    .            (boots currently unavailable)
Will    +....        (no amulet)
Stlth   +            e - ring of willpower
HPRegen 0.26/turn    (no ring)
MPRegen 0.09/turn

%: no passive effects
@: beast-form
A: beast (slay +2), (nimble swimmer 2), mertail
a: Begin Untransformation


You were on level 3 of the Dungeon.
You were a hulking beast.
You visited 1 branch of the dungeon, and saw 3 of its levels.

You collected 110 gold pieces.


Innate Abilities, Weirdness & Mutations

You are a hulking beast.
Your limbs bulge with bestial killing power. (Slay +2)
((You are very nimble when in or above water. (Stealth+, EV+, Speed+++)))
Your lower body shifts to a powerful aquatic tail in water.


   Skills:
 + Level 3.2 Fighting
 + Level 4.4 Dodging
 + Level 4.4 Unarmed Combat
 - Level 4.0 Shapeshifting


You had 4 spell levels left.
You didn't know any spells.
Your spell library contained the following spells:

 Spells                   Type           Power      Damage    Failure   Level
 Foxfire                  Conj/Fire      0%         2x1d4     38%         1
 Scorch                   Fire           0%         2d5       52%         2
 Anguish                  Hex/Necr       0%         N/A       99%         4
 Cause Fear               Hex            0%         N/A       99%         4
 Flame Wave               Conj/Fire      0%         2d4       99%         4
 Plasma Beam              Fire/Air       0%         2x1d10    100%        6
 Starburst                Conj/Fire      0%         6d3       100%        6
 Summon Cactus Giant      Summ           0%         N/A       100%        6
 Enfeeble                 Hex            0%         N/A       100%        7

Inventory:

Armour
 a - a +0 animal skin (worn)
 j - a +0 cloak
   (You found it on level 2 of the Dungeon)
Jewellery
 e - a ring of willpower (left hand)
   (You found it on level 1 of the Dungeon)
Talismans
 c - a beast talisman
 d - a flux talisman
Scrolls
 f - a scroll of amnesia
 g - 2 scrolls of teleportation {@r4}
 i - 4 scrolls of identify {unknown}
 k - 3 scrolls of poison {unknown}
 l - a scroll of vulnerability {unknown}
Potions
 b - 2 potions of lignification {!q}
 h - a potion of cancellation {unknown}

Dungeon Overview and Level Annotations

Branches:
Dungeon (3/15) Zot: 16336

Altars:

#.... .... # #..#.#
#..#.# ######....#
. #.........# ...
#.###..#..#
.....#<##...#..###.
.....'.oh..........
.....#.##......###.
... #.###.###.# .
#.# #.# .#
#.###.###.#
#.........#
#####.##### #.# #.#


You could see an orc.


Message History

The orc wizard shouts!
An orc comes into view. It is wielding a +0 whip.
An orc comes into view. It is wielding a +0 dagger.
The orc shouts! x2
You punch the orc! The orc misses you. 😕 HP[+1]
You hit the orc.
You kill the orc!
The orc wizard closely misses you.
Things that are here:
a +0 club {mace}; a +0 leather armour; an orc corpse You hit the orc wizard.
The orc wizard misses you.
An orc comes into view. It is wielding a +0 flail.
The orc shouts!
You hit the orc wizard.
The orc wizard hits you with a +0 dagger. 😕 HP[-1]
You take 1 damage, and now have 32/35 hp.
You closely miss the orc wizard. The orc hits you with a +0 dagger.
The orc wizard points at you and mumbles some strange words.
You resist with almost no effort.
You hit the orc wizard. The orc closely misses you.
The orc hits you with a +0 dagger.
The orc wizard hits you but does no damage. 😕 HP[-4]
You take 4 damage, and now have 28/35 hp.
You completely miss the orc wizard. Your punch misses the orc wizard.
The orc hits you with a +0 whip. The orc hits you with a +0 dagger.
The orc wizard closely misses you. 😮 HP[-7]
You take 7 damage, and now have 21/35 hp.
You are too injured to fight recklessly!
You are too injured to fight recklessly!
You are too injured to fight recklessly!
You are too injured to fight recklessly!
You are too injured to fight recklessly!
You are too injured to fight recklessly!
You are too injured to fight recklessly!
You are too injured to fight recklessly!
You are too injured to fight recklessly!
You are too injured to fight recklessly!
You are too injured to fight recklessly!
You are too injured to fight recklessly!
You are too injured to fight recklessly!
Unknown command.
You hit the orc. 😮 HP[+1]
You hit the orc but do no damage. The orc hits you with a +0 whip.
* * * LOW HITPOINT WARNING * * *
😨 HP[-5]
You take 5 damage, and now have 17/35 hp.
You hit the orc.
The orc wizard gestures wildly while chanting.
The orc wizard flickers and vanishes!
Deactivating autopickup; reactivate with Ctrl-A.
The orc barely misses you.
You barely miss the orc. You miss something. 😮 HP[+1]
You barely miss something. Something barely misses you.
You completely miss something. Something hits you but does no damage.
You barely miss something. Something hits you.
* * * LOW HITPOINT WARNING * * *
😨 HP[-3]
You take 3 damage, and now have 15/35 hp.
You barely miss something. Something hits you.
* * * LOW HITPOINT WARNING * * *
😨 HP[-3]
You take 3 damage, and now have 12/35 hp.
You punch something! You punch something. Something hits you.
* * * LOW HITPOINT WARNING * * *
😨 HP[-1]
You take 1 damage, and now have 11/35 hp.
You hit something.
Reactivating autopickup.
You feel a bit more experienced.
You have reached level 5!
You feel stronger. 😨 HP[+2] MP[+1]
You now have 41 max hp (+6).
You regained 2 hp, and now have 13/41 hp.
Your mp is fully restored (5).
You hit the orc. The orc closely misses you.
You hit the orc but do no damage. The orc hits you with a +0 flail!
* * * LOW HITPOINT WARNING * * *
😱 HP[-8]
You take 8 damage, and now have 5/41 hp.
You hit the orc.
You kill the orc! 😱 HP[+1]
You hit the orc. You barely miss the orc. The orc misses you.
You hit the orc.
You kill the orc!
You hit the orc. The orc hits you with a +0 whip.
* * * LOW HITPOINT WARNING * * *
😱 HP[-3]
You take 3 damage, and now have 3/41 hp.
You barely miss the orc. The orc hits you with a +0 whip.
You die...

Skill      XL: |  1  2  3  4 |
---------------+-------------+-----
Dodging        | 3 4 |  4.4
Fighting       | 2 3 |  3.2
Unarmed Combat | 4 |  4.4
Shapeshifting  | |  4.0

Action                     |  1- 3 |  4- 6 || total
---------------------------+-------+-------++-------
  Melee: Unarmed           |   101 |    75 ||   176
         Punch             |     1 |     1 ||     2
    Use: Scroll            |       |     3 ||     3
   Stab: Sleeping          |     1 |       ||     1
 Armour: Animal skin       |    35 |    37 ||    72
  Dodge: Dodged            |    62 |    51 ||   113

Levels and vault maps discovered:
D:1:      lemuel_arrival_cross, layout_rooms, minmay_statues_item
D:2:      layout_basic, minivault_14
D:3:      layout_loops_corners, hangedman_decor_push, uniq_sigmund

Notes
Turn   | Place    | Note
-------+----------+-------------------------------------------
     0 | D:1      | MackTheKnife the Merfolk Shapeshifter began the quest for
                  | the Orb.
     0 | D:1      | Reached XP level 1. HP: 15/15 MP: 1/1
     0 | D:1      | magus.rc [v1.9.6]
    86 | D:1      | Reached skill level 3 in Dodging
    87 | D:1      | Reached XP level 2. HP: 20/21 MP: 2/2
   256 | D:1      | Reached skill level 2 in Fighting
   276 | D:1      | Reached XP level 3. HP: 20/27 MP: 3/3
   710 | D:2      | Reached skill level 4 in Unarmed Combat
   710 | D:2      | Reached XP level 4. HP: 29/34 MP: 4/4
   760 | D:2      | Reached skill level 4 in Dodging
   818 | D:2      | You pick up a book of Hexes and begin reading...
   818 | D:2      | You add the spells Anguish, Cause Fear and Enfeeble to your
                  | library.
  1239 | D:2      | You pick up a book of Scorching and begin reading...
  1239 | D:2      | You add the spells Scorch, Flame Wave and Summon Cactus
                  | Giant to your library.
  1556 | D:2      | You pick up a book of Fire and begin reading...
  1556 | D:2      | You add the spells Foxfire, Plasma Beam and Starburst to
                  | your library.
  1642 | D:3      | Reached skill level 3 in Fighting
  1674 | D:3      | Reached XP level 5. HP: 13/41 MP: 5/5
  1675 | D:3      | HP: 5/41 [orc/+0 flail (8)]
  1680 | D:3      | HP: 3/41 [orc/+0 whip (4)]
  1681 | D:3      | Slain by an orc

Vanquished Creatures
  An orc wizard (D:3)
  3 adders
  A gnoll (D:1)
  A dart slug (D:1)
  3 orcs (D:3)
  5 endoplasms
  5 giant cockroaches (D:1)
  5 goblins (D:1)
  5 hobgoblins
  2 jackals (D:1)
  A quokka (D:2)
  9 ball pythons
  6 bats
  A frilled lizard (D:2)
  7 kobolds
  4 rats
59 creatures vanquished.

Table legend:
 A = Non-vault XP
 B = Vault XP
 C = Vault XP percentage of total XP
 D = Non-vault monster count
 E = Vault monster count
 F = Vault count percentage of total count
                 A         B        C        D         E       F
            +---------+---------+-------+---------+---------+-------
      Total |     190 |       0 |   0.0 |      59 |       0 |   0.0
            +---------+---------+-------+---------+---------+-------
        D:1 |      72 |       0 |   0.0 |      32 |       0 |   0.0
        D:2 |      58 |       0 |   0.0 |      22 |       0 |   0.0
        D:3 |      60 |       0 |   0.0 |       5 |       0 |   0.0
            +---------+---------+-------+---------+---------+-------

Skill      XL: |  1  2  3  4 |
---------------+-------------+-----
Dodging        | 3 4 |  4.4
Fighting       | 2 3 |  3.2
Unarmed Combat | 4 |  4.4
Shapeshifting  | |  4.0

Action                     |  1- 3 |  4- 6 || total
---------------------------+-------+-------++-------
  Melee: Unarmed           |   101 |    75 ||   176
         Punch             |     1 |     1 ||     2
    Use: Scroll            |       |     3 ||     3
   Stab: Sleeping          |     1 |       ||     1
 Armour: Animal skin       |    35 |    37 ||    72
  Dodge: Dodged            |    62 |    51 ||   113

Illustrated notes

Table legend:
 A = Kills in this place as a percentage of kills in the entire game.
 B = Kills by you in this place as a percentage of kills by you in the entire game.
 C = Kills by friends in this place as a percentage of kills by friends in the entire game.
 D = Other kills in this place as a percentage of other kills in the entire game.
 E = Experience gained in this place as a percentage of experience gained in the entire game.
 F = Experience gained in this place divided by the number of levels of this place that you have seen.
                   A       B       C       D       E      F
               +-------+-------+-------+-------+-------+----------------------
         Total | 100.0 | 100.0 |   N/A |   N/A | 100.0 |  63.3
       Dungeon | 100.0 | 100.0 |   N/A |   N/A | 100.0 |  63.3
               +-------+-------+-------+-------+-------+----------------------

Table legend: (Time is in decaauts)
 A = Elapsed time spent in this place.
 B = Non-inter-level travel time spent in this place.
 C = Inter-level travel time spent in this place.
 D = Time resting spent in this place.
 E = Time spent auto-exploring this place.
 F = Levels seen in this place.
 G = Mean time per level.
                   A        B        C        D        E       F      G
               +--------+--------+--------+--------+--------+-----+--------+
         Total |   1662 |   1581 |     81 |    181 |   1058 |   3 |  554.0 |
       Dungeon |   1662 |   1581 |     81 |    181 |   1058 |   3 |  554.0 |
               +--------+--------+--------+--------+--------+-----+--------+

Top non-repeatable levels by time:
     D:2: 821 daAuts
     D:1: 781 daAuts
     D:3: 59 daAuts
